 Dungeon Crawl Stone Soup version 0.31.0 (webtiles) character file.

Game seed: 3183389165143512860

189 qw the Shooter (level 5, -1/32 HPs)
             Began as a Gargoyle Hunter on Jan 19, 2024.
             Slain by Edmund
             ... wielding a +2 flail of holy wrath
              (6 damage)
             ... on level 4 of the Dungeon.
             The game lasted 00:00:09 (2095 turns).

qw the Shooter (Gargoyle Hunter)                    Turns: 2095, Time: 00:00:09

Health: -1/32      AC: 12    Str: 14    XL:     5   Next: 68%
Magic:  5/5        EV: 10    Int: 10    God:
Gold:   121        SH:  0    Dex: 15    Spells: 4/4 levels left

rFire   . . .        a - +0 shortbow
rCold   . . .        (shield currently unavailable)
rNeg    + . .        d - +0 ring mail
rPois   inf          b - +2 helmet
rElec   +            (no cloak)
rCorr   .            (no gloves)
SInv    .            (no boots)
Will    .....        (no amulet)
Stlth   +            (no ring)
HPRegen 0.25/turn    (no ring)
MPRegen 0.09/turn

%: no passive effects
@: about to teleport
A: sickness immunity, AC +4, negative energy resistance 1, electricity
resistance, torment resistance 1, petrification resistance
a: no special abilities


You were on level 4 of the Dungeon.
You visited 1 branch of the dungeon, and saw 4 of its levels.

You collected 166 gold pieces.
You spent 45 gold pieces at shops.


Innate Abilities, Weirdness & Mutations

You are immune to sickness and miasma.
Your stone body is resilient. (AC +4)
You are immune to poison.
You resist negative energy. (rN+)
You are resistant to electric shocks. (rElec)
You are resistant to unholy torment.
You are immune to petrification.


   Skills:
 + Level 3.2 Fighting
 - Level 6.1 Ranged Weapons
 - Level 1.2 Armour
 - Level 1.5 Dodging
 - Level 1.1 Stealth


You had 4 spell levels left.
You didn't know any spells.
Your spell library was empty.

Inventory:

Hand Weapons
 a - a +0 shortbow (weapon)
Armour
 b - a +2 helmet (worn)
 d - a +0 ring mail (worn)
 g - the +5 ring mail of Temperance {-Tele Harm rElec Str+4}
   (You found it on level 2 of the Dungeon)

   Str+4:     It affects your strength (+4).
   rElec:     It insulates you from electricity.
   -Tele:     It prevents most forms of teleportation.
   Harm:      It increases damage dealt and taken.
Jewellery
 l - a ring of ice
Wands
 i - a wand of polymorph (3)
Scrolls
 f - a scroll of teleportation
Potions
 c - a potion of heal wounds {unknown}
 e - a potion of degeneration {unknown}
 h - 3 potions of curing
 j - a potion of might {unknown}
 k - a potion of attraction {unknown}

Dungeon Overview and Level Annotations

Branches:
Dungeon (4/15)
 Temple: D:4-7

Altars:

Shops:
D:3 (([

Annotations:
D:2 1 runed translucent door, Crazy Yiuf
D:4 Edmund


Message History

You shoot an arrow. The arrow hits Edmund.
Edmund is heavily wounded.
The endoplasm closely misses you. The orc hits you but does no damage.
Edmund closely misses you.
You shoot an arrow. The arrow closely misses Edmund.
The endoplasm freezes you.
You are frozen.
The orc hits you with a +0 mace. Edmund hits you but does no damage.
You shoot an arrow. The arrow hits Edmund.
Edmund is heavily wounded.
The endoplasm closely misses you.
Edmund hits you with a +2 flail of holy wrath.
The orc hits you but does no damage.
You shoot an arrow. The arrow hits Edmund.
Edmund is severely wounded.
The endoplasm hits you. Edmund hits you but does no damage.
The orc closely misses you.
You shoot an arrow. The arrow barely misses Edmund.
The endoplasm freezes you.
You are frozen.
Edmund hits you but does no damage. The orc hits you with a +0 mace.
The endoplasm freezes you.
You are frozen.
The orc barely misses you. Edmund barely misses you.
You shoot an arrow. The arrow hits Edmund.
Edmund is severely wounded.
The endoplasm closely misses you.
Edmund says, "What use are spells, anyway?"
Edmund hits you with a +2 flail of holy wrath.
The orc closely misses you.
You shoot an arrow. The arrow closely misses Edmund.
The endoplasm freezes you.
You are frozen.
Edmund completely misses you. The orc barely misses you.
2095 ||| READING 2 scrolls of teleportation.
As you read the scroll of teleportation, it crumbles to dust.
You feel strangely unstable.
The endoplasm hits you but does no damage.
The orc hits you with a +0 mace.
Edmund hits you with a +2 flail of holy wrath.
You die...
Edmund says, "That'll show my brother!"

....##+## #.......#
........# ####........
#......#.##.........##
###......#.##.....)...#
.........#.##.........#
.........#.####......##
.........#.# #......#
.........#.####......#
......@@.#....'......+
......oJ.....##......#
....#........##......#
......#......###....##
......#####'## ....#
...... #.# ....# .....
#.# .#### ..... #.# .#
#+#


You could see Edmund, an orc and an endoplasm.

Vanquished Creatures
  A bombardier beetle (D:3)
  An orc priest (D:4)
  An orc wizard (D:3)
  A gnoll (D:1)
  4 adders
  5 dart slugs
  3 orcs
  5 endoplasms
  4 giant cockroaches
  5 goblins
  4 hobgoblins
  A quokka (D:2)
  A ball python (D:1)
  4 bats
  3 frilled lizards (D:1)
  A kobold (D:3)
  4 rats
48 creatures vanquished.

Notes
Turn   | Place    | Note
-------+----------+-------------------------------------------
     0 | D:1      | qw the Gargoyle Hunter began the quest for the Orb.
     0 | D:1      | Reached XP level 1. HP: 12/12 MP: 1/1
     0 | D:1      | 0 ||| qw: Version: 0.3-a-132-g3d54051
     0 | D:1      | 0 ||| qw: Game counter: 140
     0 | D:1      | 0 ||| qw: Melee chars always use a shield: true
     0 | D:1      | 0 ||| qw: God list: Okawaru
     0 | D:1      | 0 ||| qw: Allow faded altars: false
     0 | D:1      | 0 ||| qw: Do Orc after clearing Dungeon:15 true
     0 | D:1      | 0 ||| qw: Do second Lair branch before Depths: true
     0 | D:1      | 0 ||| qw: Lair rune preference: random
     0 | D:1      | 0 ||| qw: Goals: Normal
     0 | D:1      | 0 ||| PLANNING D:1-11
   159 | D:1      | Reached XP level 2. HP: 13/17 MP: 2/2
   361 | D:1      | Reached XP level 3. HP: 20/21 MP: 3/3
   392 | D:1      | Reached skill level 5 in Ranged Weapons
   395 | D:1      | Found a faded altar of an unknown god.
   434 | D:1      | 434 ||| UPGRADING to +0 ring mail.
   444 | D:1      | 444 ||| DROPPING +0 leather armour.
   445 | D:1      | 445 ||| READING scroll labelled PEODATULAI.
   450 | D:1      | 450 ||| DROPPING scroll of butterflies.
   539 | D:2      | Reached skill level 1 in Armour
   713 | D:2      | Found a runed translucent door.
   714 | D:2      | Noticed Crazy Yiuf
   781 | D:2      | Identified the +5 ring mail of Temperance {-Tele Harm rElec
                  | Str+4}
   833 | D:2      | Reached XP level 4. HP: 27/27 MP: 4/4
  1119 | D:2      | 1119 ||| READING scroll labelled ESIOME ALLU.
  1120 | D:2      | 1120 ||| READING scroll labelled ZARASARCHYMA.
  1120 | D:2      | 1120 ||| ENCHANTING +0 shortbow.
  1151 | D:3      | Found Hehyegic's Armour Shoppe.
  1163 | D:3      | 1163 ||| BUYING +0 helmet (45 gold).
  1163 | D:3      | Bought a +0 helmet for 45 gold pieces
  1163 | D:3      | 1163 ||| SHOPLISTING +1 pair of boots of the Nightingale
                  | {Int-5 Dex+2 Stlth+} (130 gold, have 95).
  1195 | D:3      | Reached skill level 3 in Fighting
  1195 | D:3      | 1195 ||| FLEEEEING.
  1269 | D:3      | Found Epnixyat's Antique Weapon Shop.
  1305 | D:3      | Found Lonlup's Weapon Shop.
  1308 | D:3      | 1308 ||| SHOPLISTING +0 arbalest of freezing (131 gold,
                  | have 103).
  1536 | D:3      | Reached XP level 5. HP: 32/32 MP: 5/5
  1830 | D:3      | 1830 ||| UPGRADING to +0 helmet.
  1835 | D:3      | 1835 ||| READING 2 scrolls of enchant armour.
  1835 | D:3      | 1835 ||| ENCHANTING +0 helmet.
  1836 | D:3      | 1836 ||| READING scroll of enchant armour.
  1836 | D:3      | 1836 ||| ENCHANTING +1 helmet.
  1837 | D:3      | 1837 ||| READING 3 scrolls labelled YFIWKOOSTY.
  1838 | D:3      | 1838 ||| READING scroll labelled LAMIAT LUSM.
  1839 | D:3      | 1839 ||| DRINKING 4 puce potions.
  1840 | D:3      | 1840 ||| DROPPING 2 scrolls of amnesia.
  1871 | D:4      | 1871 ||| PLANNING SEWER
  1871 | D:4      | 1871 ||| STAIRDANCE
  1877 | D:4      | 1877 ||| STAIRDANCE
  1919 | D:4      | Reached skill level 6 in Ranged Weapons
  1926 | D:4      | 1926 ||| STAIRDANCE
  1928 | D:3      | 1928 ||| FLEEEEING.
  2076 | D:4      | Noticed Edmund
  2094 | D:4      | HP: 8/32 [frozen (1)]
  2095 | D:4      | 2095 ||| READING 2 scrolls of teleportation.
  2095 | D:4      | Slain by Edmund

Levels and vault maps discovered:
D:1:      dpeg_arrival_ternary, layout_basic, chequers_ecumenical_altar_lobes
D:2:      layout_basic, grunt_decor_resistance, uniq_crazy_yiuf_cottage
D:3:      layout_loops_ring, serial_shops, shop, nicolae_shop_behind_doors,
          shop_fountains, serial_bayou_pond_c
D:4:      lemuel_castle_with_subvaults [lemuel_castle_interior_carwin_1],
          layout_basic, dreamdust_divine_triumvirate, gup_sewer_entry_glass,
          uniq_edmund

Skill      XL: |  1  2  3  4  5 |
---------------+----------------+-----
Ranged Weapons | 5 6 |  6.1
Armour         | 1 |  1.2
Fighting       | 3 |  3.2
Dodging        | |  1.5
Stealth        | |  1.1

Action                     |  1- 3 |  4- 6 || total
---------------------------+-------+-------++-------
   Fire: Shortbow          |    79 |    93 ||   172
    Use: Scroll            |     1 |     7 ||     8
         Potion            |       |     1 ||     1
 Armour: Leather armour    |     5 |       ||     5
         Ring mail         |     9 |    64 ||    73
  Dodge: Dodged            |    16 |    51 ||    67

Table legend:
 A = Non-vault XP
 B = Vault XP
 C = Vault XP percentage of total XP
 D = Non-vault monster count
 E = Vault monster count
 F = Vault count percentage of total count
                 A         B        C        D         E       F
            +---------+---------+-------+---------+---------+-------
      Total |     271 |       0 |   0.0 |      48 |       0 |   0.0
            +---------+---------+-------+---------+---------+-------
        D:1 |      42 |       0 |   0.0 |      17 |       0 |   0.0
        D:2 |      41 |       0 |   0.0 |      15 |       0 |   0.0
        D:3 |     124 |       0 |   0.0 |      10 |       0 |   0.0
        D:4 |      64 |       0 |   0.0 |       6 |       0 |   0.0
            +---------+---------+-------+---------+---------+-------
